 Dungeon Crawl Stone Soup version 0.22.0-38-g04b72b8 (webtiles) character file.

65 Loudmushroom the Covered (level 4, 0/29 HPs)
             Began as a Gargoyle Fighter on Aug 25, 2018.
             Slain by Sigmund
             ... wielding a cursed +0 scythe
              (5 damage)
             ... on level 2 of the Dungeon.
             The game lasted 00:05:30 (1659 turns).

Loudmushroom the Covered (Gargoyle Fighter)         Turns: 1659, Time: 00:05:31

Health: 0/29       AC: 10    Str: 20    XL:     4   Next: 13%
Magic:  4/4        EV:  7    Int:  8    God:
Gold:   107        SH:  9    Dex: 10    Spells: 3/3 levels left

rFire    . . .     SeeInvis .   a - +0 war axe
rCold    . . .     Gourm    .   c - +0 shield
rNeg     + . .     Faith    .   j - +0 scale mail
rPois    ∞         Spirit   .   (no helmet)
rElec    +         Reflect  .   (no cloak)
rCorr    .         Harm     .   (no gloves)
MR       .....                  (no boots)
Stlth    ..........             (no amulet)
HPRegen  0.09/turn              (no ring)
MPRegen  0.09/turn              (no ring)

@: no status effects
A: negative energy resistance 1, electricity resistance, unbreathing,
petrification resistance, rot immunity, AC +3
a: no special abilities


You were on level 2 of the Dungeon.
You were not hungry.

You visited 1 branch of the dungeon, and saw 2 of its levels.

You collected 107 gold pieces.

Inventory:

Hand Weapons
 a - a +0 war axe (weapon)
 b - a +0 hunting sling
 n - a +1 dagger of flaming
Missiles
 h - 135 stones (quivered)
Armour
 c - a +0 shield (worn)
 j - a +0 scale mail (worn)
Scrolls
 g - a scroll of identify {unknown}
 k - a scroll of remove curse {unknown}
 l - a scroll of teleportation {unknown}
 r - a scroll of noise {unknown}
Potions
 d - a potion of might
 e - a potion of lignification {unknown}
 i - 2 potions of heal wounds {unknown}
 m - a potion of brilliance {unknown}
 p - a potion of mutation {unknown}
 q - a potion of curing {unknown}
Comestibles
 f - a ration


   Skills:
 + Level 3.7 Fighting
 * Level 2.8 Axes
 + Level 3.8 Armour
 + Level 3.7 Shields


You had 3 spell levels left.
You didn't know any spells.
Your spell library was empty.

Dungeon Overview and Level Annotations

Branches:
Dungeon (2/15)

Altars:

Annotations:
D:2 Sigmund


Innate Abilities, Weirdness & Mutations

You are resistant to torment.
Your stone body is resilient. (AC +3)
You are immune to poison.
You resist negative energy. (rN+)
You are resistant to electric shocks. (rElec)
You can survive without breathing.
You are immune to petrification.
You are immune to rotting.


Message History

You barely miss something.
The goblin shoots a stone.
You block the stone. Something hits you!
The goblin shoots a stone.
The stone hits you but does no damage.
You closely miss something. You block something's attack.
You miss something.
The goblin shoots a stone.
The stone barely misses you. Something hits you.
You closely miss something.
You hear some strange, mumbled words.
A magic dart appears from out of thin air!
The magic dart hits you! You block something's attack.
You miss something.
The goblin shoots a stone.
You block the stone. Something hits you.
You closely miss something. Something hits you but does no damage.
You completely miss something.
The goblin shoots a stone.
Something hits you.
You closely miss something.
The goblin shoots a stone.
You block the stone.
The goblin shoots a stone.
You block the stone.
You miss something. Something hits you.
* * * LOW HITPOINT WARNING * * *
The goblin shoots a stone.
Something hits you.
You die...

#####'## #.##.##.#
#.# #.....#
#.##.##.# #.#
#.##..#######
#.##.##.# #.#
#.##.).......
#.##.##.# #.#
##.##...######
#.##.##.# #)#
.........# #.......#
#.# ##..#...## #
####.#### #.###
#..#...# ####.####.#
#.... #..#.#.#
#...g{@..(# #####
#.........[##.######
######.### # .. ##


You could see a goblin.

Vanquished Creatures
  An adder (D:2)
  An ooze (D:1)
  2 worms (D:2)
  A dart slug (D:2)
  4 leopard geckos
  6 bats (D:1)
  3 giant cockroaches (D:2)
  2 goblins (D:1)
  4 hobgoblins
  6 kobolds
  2 frilled lizards
  6 rats (D:1)
38 creatures vanquished.

Notes
Turn   | Place    | Note
-------+----------+-------------------------------------------
     0 | D:1      | Loudmushroom the Gargoyle Fighter began the quest for the Orb.
     0 | D:1      | Reached XP level 1. HP: 14/14 MP: 1/1
    88 | D:1      | Reached XP level 2. HP: 19/19 MP: 2/2
   416 | D:1      | Reached XP level 3. HP: 20/23 MP: 3/3
  1447 | D:2      | Reached XP level 4. HP: 26/29 MP: 4/4
  1639 | D:2      | Noticed Sigmund
  1659 | D:2      | Slain by Sigmund

Skill      XL: |  1 |
---------------+----+-----
Axes           | 2 |  2.8
Fighting       | |  3.7
Armour         | |  3.8
Shields        | |  3.7

Action                   |  1- 3 |  4- 6 || total
-------------------------+-------+-------++-------
Melee: War axe           |   120 |    22 ||   142
  Eat: Chunk             |     2 |     1 ||     3
Armor: Scale mail        |    76 |     9 ||    85
Dodge: Dodged            |    39 |     3 ||    42
Block: Shield            |    84 |    13 ||    97
